AoeStats
← ramnsten

Black Forest

509597504Analyzed
4v4 RM · 6d ago on Sep 27, 2026· 55m 6s· 8 players
Game mode
Random Map
Map size
Large (8 player)
Population
200
Speed
Normal
Resources
Standard
Victory
Conquest
Starting age
Dark Age
Ending age
Imperial Age
RankedLock teamsTeams togetherTeam positionsShared explorationLock speedFull tech treeHidden civsTurbo modeCheats
Victory
Defeat
🇬🇧 Poles · United Kingdom
792
+12
🇩🇪 Japanese · Germany
775
+13
🇬🇧 Persians · United Kingdom
730
+15
🇨🇳 Mongols · China
725
+15
🇪🇸 Goths · Spain
869
-19
🇦🇺 Turks · Australia
730
-15
🇺🇸 Britons · United States
629
-11
🇧🇷 Franks · Brazil
615
-10
BOOSON 8
1:38 Loom
20:03 Feudal Age
22:13 Double-Bit Axe
22:15 Horse Collar
23:32 Gold Mining
23:33 Stone Mining
27:54 Castle Age
26:47 Wheelbarrow
33:26 Caravan
34:42 Gold Shaft Mining
36:09 Stone Shaft Mining
35:47 Bow Saw
35:41 Heavy Plow
36:56 Coinage
39:48 Imperial Age
39:26 Hand Cart
38:57 Town Watch
39:54 Forging
39:49 Scale Barding Armor
39:34 Fletching
39:45 Padded Archer Armor
39:45 Scale Mail Armor
41:03 Elite War Elephant
42:04 Conscription
41:44 Kamandaran
43:01 Chemistry
42:43 Banking
42:25 Guilds
43:32 Crop Rotation
44:08 Two-Man Saw
43:31 Chain Barding Armor
43:29 Leather Archer Armor
43:42 Bodkin Arrow
44:09 Chain Mail Armor
47:13 Iron Casting
47:13 Plate Barding Armor
47:08 Ring Archer Armor
47:09 Plate Mail Armor
46:49 Pikeman
47:14 Gambesons
47:29 Squires
47:15 Arson
49:59 Halberdier
51:03 Crossbowman
51:49 Thumb Ring
ZLinzzz
12:24 Feudal Age
12:56 Double-Bit Axe
13:07 Gold Mining
14:25 Stone Mining
14:37 Horse Collar
22:58 Castle Age
21:02 Man-at-Arms
24:57 Bow Saw
25:40 Stone Shaft Mining
25:41 Gold Shaft Mining
26:30 Wheelbarrow
29:40 Heavy Plow
30:40 Hand Cart
32:02 Caravan
38:19 Imperial Age
38:18 Nomads
38:44 Padded Archer Armor
38:55 Forging
38:45 Scale Mail Armor
38:52 Scale Barding Armor
40:21 Chemistry
40:11 Conscription
40:56 Drill
40:00 Elite Mangudai
41:07 Drill
40:07 Elite Mangudai
41:23 Hoardings
41:05 Capped Ram
41:23 Onager
42:49 Loom
43:21 Masonry
43:06 Murder Holes
43:17 Siege Engineers
43:23 Fortified Wall
43:06 Fletching
43:32 Leather Archer Armor
43:52 Iron Casting
43:33 Chain Mail Armor
43:38 Chain Barding Armor
44:28 Siege Ram
45:56 Siege Onager
Manic_Douche
3:52 Loom
14:06 Feudal Age
17:50 Castle Age
15:58 Double-Bit Axe
26:09 Horse Collar
26:45 Bow Saw
29:28 Stone Mining
30:35 Heavy Plow
31:29 Stone Shaft Mining
33:59 Fortified Wall
36:44 Imperial Age
34:24 Gold Mining
37:42 Scale Barding Armor
37:39 Padded Archer Armor
37:29 Fletching
37:50 Forging
37:42 Scale Mail Armor
38:44 Chemistry
38:54 Wheelbarrow
38:50 Town Watch
39:38 Murder Holes
39:54 Masonry
41:54 Chain Barding Armor
41:58 Hand Cart
42:52 Crop Rotation
42:38 Town Patrol
43:46 Cavalier
43:55 Light Cavalry
44:46 Bloodlines
45:21 Winged Hussar
50:05 Husbandry
52:24 Hoardings
52:32 Chain Mail Armor
52:32 Leather Archer Armor
52:43 Ballistics
matthiaskaeck
0:54 Loom
18:14 Feudal Age
18:57 Double-Bit Axe
18:53 Horse Collar
22:39 Castle Age
23:39 Bow Saw
28:48 Heavy Plow
29:51 Caravan
30:25 Stone Mining
30:25 Gold Mining
30:48 Forging
30:39 Scale Mail Armor
30:40 Padded Archer Armor
32:55 Wheelbarrow
32:05 Town Watch
34:44 Iron Casting
34:24 Chain Mail Armor
34:14 Scale Barding Armor
34:25 Leather Archer Armor
34:00 Fletching
33:47 Crossbowman
34:32 Thumb Ring
41:37 Imperial Age
39:00 Pikeman
39:40 Squires
39:26 Gambesons
39:03 Elite Skirmisher
40:07 Chain Barding Armor
39:43 Bodkin Arrow
41:09 Fortified Wall
41:19 Ballistics
42:36 Gold Shaft Mining
41:44 Treadmill Crane
43:21 Two-Man Saw
42:38 Hand Cart
43:26 Chemistry
41:48 Arbalester
42:52 Kataparuto
42:52 Conscription
42:28 Halberdier
BigPapaPump
12:12 Feudal Age
13:40 Wheelbarrow
14:40 Double-Bit Axe
14:41 Horse Collar
18:44 Stone Mining
18:45 Gold Mining
25:41 Castle Age
23:54 Padded Archer Armor
28:12 Bow Saw
28:19 Bow Saw
28:31 Hand Cart
29:33 Gold Shaft Mining
29:04 Heavy Plow
29:31 Leather Archer Armor
29:06 Fletching
29:12 Elite Skirmisher
29:55 Squires
33:00 Bodkin Arrow
33:18 Scale Mail Armor
32:52 Light Cavalry
34:08 Caravan
35:41 Chain Mail Armor
35:37 Forging
38:28 Imperial Age
37:20 Pikeman
38:24 Scale Barding Armor
38:55 Iron Casting
39:45 Ring Archer Armor
39:16 Bracer
39:49 Plate Mail Armor
41:18 Two-Man Saw
40:56 Halberdier
41:42 Husbandry
41:03 Cavalier
42:06 Conscription
42:21 Warwolf
42:45 Treadmill Crane
43:27 Ballistics
44:07 Chemistry
43:03 Murder Holes
44:00 Elite Longbowman
45:51 Siege Engineers
mariozoovet
1:24 Loom
14:38 Feudal Age
21:04 Castle Age
37:40 Imperial Age
36:12 Wheelbarrow
35:33 Double-Bit Axe
35:47 Horse Collar
36:35 Heavy Plow
36:50 Forging
36:40 Scale Mail Armor
37:12 Hand Cart
37:20 Bow Saw
37:54 Gold Mining
38:25 Pikeman
39:05 Squires
38:29 Capped Ram
39:44 Conscription
38:57 Elite Huskarl
39:46 Anarchy
40:50 Crop Rotation
41:07 Perfusion
45:12 Halberdier
49:55 Chemistry
49:06 Masonry
48:24 Man-at-Arms
ramnsten
10:54 Feudal Age
12:26 Double-Bit Axe
17:16 Arson
22:56 Wheelbarrow
25:51 Castle Age
27:53 Bow Saw
29:58 Scale Barding Armor
31:05 Hand Cart
31:29 Gold Mining
31:30 Stone Mining
34:46 Scale Mail Armor
34:57 Forging
35:07 Chain Barding Armor
35:31 Gold Shaft Mining
34:42 Pikeman
35:22 Squires
34:44 Man-at-Arms
40:42 Imperial Age
41:54 Chain Mail Armor
42:15 Iron Casting
41:31 Fletching
41:41 Padded Archer Armor
42:24 Husbandry
43:42 Plate Barding Armor
43:41 Plate Mail Armor
42:50 Light Cavalry
44:31 Cavalier
45:41 Halberdier
45:42 Long Swordsman
46:07 Gambesons
46:49 Paladin
48:54 Chemistry
49:54 Ordonnance Companies
Blayx
8:35 Loom
9:19 Loom
14:47 Feudal Age
15:29 Double-Bit Axe
17:37 Wheelbarrow
21:30 Castle Age
20:03 Horse Collar
21:54 Fletching
27:07 Bodkin Arrow
27:24 Forging
29:05 Bow Saw
33:25 Ballistics
40:13 Siphons
40:27 Murder Holes
41:49 Hand Cart
42:43 Heavy Plow
42:55 Gold Mining
43:02 Heated Shot
46:00 Imperial Age
51:24 Elite Janissary
Connection lost

Rejoining the realm…

Still unreachable

The connection could not be restored.

Session expired

The server has moved on; the page needs a fresh start.